 Dungeon Crawl Stone Soup version 0.24-a0-760-g74cc3ae (webtiles) character file.

Game seed: 6442304840907081519, levelgen mode: deterministic

160 pichaelthompson the Skirmisher (level 5, -5/47 HPs)
             Began as a Gnoll Wanderer on Oct 2, 2019.
             Killed from afar by Ijyb (8 damage)
             ... with a puff of flame
             ... on level 3 of the Dungeon.
             The game lasted 00:03:58 (2292 turns).

pichaelthompson the Skirmisher (Gnoll Wanderer)     Turns: 2292, Time: 00:03:59

Health: -5/47      AC: 13    Str: 15    XL:     5   Next: 41%
Magic:  9/9        EV:  3    Int: 15    God:
Gold:   55         SH:  0    Dex: 14    Spells: 10/10 levels left

rFire    . . .     SeeInvis .   a - +2 dagger
rCold    . . .     Gourm    .   (no shield)
rNeg     . . .     Faith    .   g - +4 plate armour {ponderous}
rPois    .         Spirit   .   n - +0 helmet
rElec    .         Reflect  .   (no cloak)
rCorr    .         Harm     .   (no gloves)
MR       .....                  (no boots)
Stlth    ..........             (no amulet)
HPRegen  0.15/turn              p - -2 ring of protection (curse)
MPRegen  0.11/turn              (no ring)

@: heavily drained, slow
A: distributed training, fangs 1, strong nose
a: no special abilities


You were on level 3 of the Dungeon.
You were not hungry.

You visited 1 branch of the dungeon, and saw 3 of its levels.

You collected 55 gold pieces.

Inventory:

Hand Weapons
 a - a +2 dagger (weapon)
Missiles
 b - 3 curare-tipped darts (quivered)
 j - 5 atropa-tipped darts
Armour
 g - a +4 plate armour of ponderousness (worn)
 n - a +0 helmet (worn)
Jewellery
 p - a cursed -2 ring of protection (left hand)
Scrolls
 d - 2 scrolls of teleportation
 e - a scroll of amnesia {unknown}
 h - 3 scrolls of identify {unknown}
 i - a scroll of remove curse {unknown}
Potions
 c - a potion of lignification
 k - a potion of cancellation {unknown}
 l - a potion of brilliance {unknown}
 m - a potion of degeneration {unknown}
Comestibles
 f - 4 rations
 o - 2 chunks of flesh


   Skills:
 + Level 6.7(4.3) Fighting
 + Level 1.4(0.0) Short Blades
 + Level 1.4(0.0) Long Blades
 + Level 1.4(0.0) Axes
 + Level 1.4(0.0) Maces & Flails
 + Level 1.4(0.0) Polearms
 + Level 1.4(0.0) Staves
 + Level 1.4(0.0) Slings
 + Level 1.4(0.0) Bows
 + Level 1.4(0.0) Crossbows
 + Level 3.0(0.8) Throwing
 + Level 1.4(0.0) Armour
 + Level 1.4(0.0) Dodging
 + Level 2.7(0.6) Stealth
 + Level 3.0(0.8) Shields
 + Level 3.0(0.8) Unarmed Combat
 + Level 3.1(1.0) Spellcasting
 + Level 3.9(1.7) Conjurations
 + Level 1.1(0.0) Hexes
 + Level 1.1(0.0) Charms
 + Level 1.1(0.0) Summonings
 + Level 1.1(0.0) Necromancy
 + Level 1.1(0.0) Translocations
 + Level 1.1(0.0) Transmutations
 + Level 1.1(0.0) Fire Magic
 + Level 1.1(0.0) Ice Magic
 + Level 1.1(0.0) Air Magic
 + Level 1.1(0.0) Earth Magic
 + Level 1.1(0.0) Poison Magic
 + Level 1.6(0.0) Invocations
 + Level 1.4(0.0) Evocations


You had 10 spell levels left.
You didn't know any spells.
Your spell library was empty.

Dungeon Overview and Level Annotations

Branches:
Dungeon (3/15)

Altars:

Annotations:
D:3 Ijyb


Innate Abilities, Weirdness & Mutations

Your experience applies equally to all skills.
You have very sharp teeth.
Your uncanny sense of smell can sniff out nearby items.


Message History

Ijyb is heavily wounded.
The orc hits you but does no damage. Ijyb hits you but does no damage.
The orc hits you from afar with a +0 trident.
* * * LOW HITPOINT WARNING * * *
The orc hits you but does no damage.
You closely miss Ijyb. You bite Ijyb, but do no damage.
Ijyb is heavily wounded.
The orc hits you but does no damage. Ijyb hits you but does no damage.
The orc hits you but does no damage. x2
You hit Ijyb but do no damage. You bite Ijyb.
Ijyb is severely wounded.
The orc hits you but does no damage.
Ijyb zaps a wand.
The puff of flame hits you!
* * * LOW HITPOINT WARNING * * *
The orc hits you but does no damage. x2
You completely miss Ijyb.
Ijyb is severely wounded.
The orc hits you but does no damage.
Ijyb zaps a wand.
The puff of flame hits you!
You die...

#####.#....##..........#
#.#.... #..........#
#......##..........#
#..#....#..........#
#..................#
...#....############
#......# #####
#....#.#.....#
.......#@os.....
...#.###go...... .....
#o.o..... ..#. #........
. #. .<.)..... #........
#..%..... #........


You could see Ijyb, an orc priest, 3 orcs and a giant cockroach.

Vanquished Creatures
  Natasha (twice) (D:2)
  Terence (D:2)
  Robin (D:3)
  A shadow imp (D:2)
  2 dart slugs (D:1)
  2 leopard geckos (D:1)
  3 orcs
  A giant cockroach (D:1)
  16 goblins
  8 hobgoblins
  6 kobolds
  5 bats
  4 frilled lizards
  6 rats
58 creatures vanquished.

Notes
Turn   | Place    | Note
-------+----------+-------------------------------------------
     0 | D:1      | pichaelthompson the Gnoll Wanderer began the quest for the
                  | Orb.
     0 | D:1      | pichaelthompson set off with the following items: a +2
                  | dagger, 3 curare-tipped darts, a potion of lignification, a
                  | scroll of teleportation, a +0 robe, a ration
     0 | D:1      | Reached XP level 1. HP: 23/23 MP: 4/4
    91 | D:1      | Reached XP level 2. HP: 27/29 MP: 5/5
   188 | D:1      | Reached XP level 3. HP: 25/35 MP: 7/7
   975 | D:2      | Noticed Natasha
   995 | D:2      | Killed Natasha
   995 | D:2      | Reached skill level 1 in Short Blades
   995 | D:2      | Reached skill level 1 in Long Blades
   995 | D:2      | Reached skill level 1 in Axes
   995 | D:2      | Reached skill level 1 in Maces & Flails
   995 | D:2      | Reached skill level 1 in Polearms
   995 | D:2      | Reached skill level 1 in Staves
   995 | D:2      | Reached skill level 1 in Slings
   995 | D:2      | Reached skill level 1 in Bows
   995 | D:2      | Reached skill level 1 in Crossbows
   995 | D:2      | Reached skill level 1 in Armour
   995 | D:2      | Reached skill level 1 in Dodging
   995 | D:2      | Reached skill level 1 in Invocations
   995 | D:2      | Reached skill level 1 in Evocations
   995 | D:2      | Reached XP level 4. HP: 39/41 MP: 8/8
  1062 | D:2      | Noticed Natasha
  1084 | D:2      | Killed Natasha
  1262 | D:3      | Noticed Robin
  1262 | D:3      | Noticed Terence
  1267 | D:3      | Reached skill level 1 in Hexes
  1267 | D:3      | Reached skill level 1 in Charms
  1267 | D:3      | Reached skill level 1 in Summonings
  1267 | D:3      | Reached skill level 1 in Necromancy
  1267 | D:3      | Reached skill level 1 in Translocations
  1267 | D:3      | Reached skill level 1 in Transmutations
  1267 | D:3      | Reached skill level 1 in Fire Magic
  1267 | D:3      | Reached skill level 1 in Ice Magic
  1267 | D:3      | Reached skill level 1 in Air Magic
  1267 | D:3      | Reached skill level 1 in Earth Magic
  1267 | D:3      | Reached skill level 1 in Poison Magic
  1286 | D:2      | Killed Terence
  1286 | D:2      | Reached XP level 5. HP: 17/47 MP: 9/9
  1309 | D:2      | HP: 1/47 [shadow imp/nerve-wracking pain (7)]
  1878 | D:3      | Killed Robin
  2262 | D:3      | Noticed Ijyb
  2292 | D:3      | Killed from afar by Ijyb

Levels and vault maps discovered:
D:1:      evilmike_arrival_fibonacci_small, layout_loops_ring
D:2:      layout_loops_ring, uniq_natasha
D:3:      layout_rooms, nemelex_lonely_heart_becter, uniq_robin, uniq_terence,
          uniq_ijyb

Skill      XL: |  1  2  3  4  5 |
---------------+----------------+-----
Short Blades   | 1 |  1.4
Long Blades    | 1 |  1.4
Axes           | 1 |  1.4
Maces & Flails | 1 |  1.4
Polearms       | 1 |  1.4
Staves         | 1 |  1.4
Slings         | 1 |  1.4
Bows           | 1 |  1.4
Crossbows      | 1 |  1.4
Armour         | 1 |  1.4
Dodging        | 1 |  1.4
Invocations    | 1 |  1.6
Evocations     | 1 |  1.4
Spellcasting   | 3 |  3.1
Hexes          | 1 |  1.1
Charms         | 1 |  1.1
Summonings     | 1 |  1.1
Necromancy     | 1 |  1.1
Translocations | 1 |  1.1
Transmutations | 1 |  1.1
Fire Magic     | 1 |  1.1
Ice Magic      | 1 |  1.1
Air Magic      | 1 |  1.1
Earth Magic    | 1 |  1.1
Poison Magic   | 1 |  1.1
Throwing       | 3 |  3.0
Shields        | 3 |  3.0
Unarmed Combat | 3 |  3.0
Fighting       | |  6.7
Stealth        | |  2.7
Conjurations   | |  3.9

Action                   |  1- 3 |  4- 6 || total
-------------------------+-------+-------++-------
Melee: Dagger            |   124 |   161 ||   285
       Bite              |     6 |    25 ||    31
       Punch             |       |     2 ||     2
  Use: Potion            |       |     1 ||     1
 Stab: Sleeping          |     1 |       ||     1
  Eat: Chunk             |       |     5 ||     5
Armor: Plate armour      |   119 |   304 ||   423
Dodge: Dodged            |    21 |    63 ||    84

Table legend:
 A = Non-vault XP
 B = Vault XP
 C = Vault XP percentage of total XP
 D = Non-vault monster count
 E = Vault monster count
 F = Vault count percentage of total count
                 A         B        C        D         E       F
            +---------+---------+-------+---------+---------+-------
      Total |     122 |     107 |  46.7 |      43 |      15 |  25.9
            +---------+---------+-------+---------+---------+-------
        D:1 |      52 |       0 |   0.0 |      29 |       0 |   0.0
        D:2 |      64 |      88 |  57.9 |      11 |      12 |  52.2
        D:3 |       6 |      19 |  76.0 |       3 |       3 |  50.0
            +---------+---------+-------+---------+---------+-------
